 Dungeon Crawl Stone Soup version 0.30.1-4-g462c640d31 (webtiles) character file.

Game seed: 7227898995145973695

62 ChiefBigBeans the Conjurer (level 3, -5/19 HPs)
             Began as a Deep Elf Conjurer on Sept 14, 2023.
             Killed from afar by Ijyb (7 damage)
             ... with a puff of flame
             ... on level 3 of the Dungeon.
             The game lasted 00:03:06 (2191 turns).

ChiefBigBeans the Conjurer (Deep Elf Conjurer)      Turns: 2191, Time: 00:03:07

Health: -5/19      AC:  4    Str:  4    XL:     3   Next: 85%
Magic:  4/10       EV: 13    Int: 24    God:
Gold:   79         SH:  0    Dex: 13    Spells: 8/9 levels left

rFire   . . .        e - +0 short sword
rCold   . . .        (no shield)
rNeg    . . .        a - +0 robe
rPois   .            (no helmet)
rElec   .            c - +1 cloak
rCorr   .            (no gloves)
SInv    .            (no boots)
Will    .....        (no amulet)
Stlth   ++           (no ring)
HPRegen 0.23/turn    (no ring)
MPRegen 0.12/turn

%: no passive effects
@: no status effects
A: no striking features
a: no special abilities


You were on level 3 of the Dungeon.
You visited 1 branch of the dungeon, and saw 3 of its levels.

You collected 79 gold pieces.

Inventory:

Hand Weapons
 e - a +0 short sword (weapon)
Armour
 a - a +0 robe (worn)
 c - a +1 cloak (worn)
 d - a +0 cloak
Jewellery
 l - a ring of wizardry
Wands
 j - a wand of charming (9)
Scrolls
 f - a scroll of amnesia
 h - 2 scrolls of identify
 i - a scroll of blinking {unknown}
 k - a scroll of poison {unknown}
 m - a scroll of fear {unknown}
Potions
 b - 3 potions of magic
 g - a potion of curing {unknown}
 n - a potion of haste {unknown}


   Skills:
 + Level 3.3 Dodging
 + Level 3.5 Stealth
 + Level 3.8 Spellcasting
 + Level 4.8 Conjurations


You had 8 spell levels left.
You knew the following spells:

 Your Spells              Type           Power      Damage    Failure   Level
a - Magic Dart            Conj           100%       1d8       1%          1

Your spell library contained the following spells:

 Spells                   Type           Power      Damage    Failure   Level
 Searing Ray              Conj           54%        2d6       1%          2
 Dazzling Flash           Conj/Hex       32%        N/A       11%         3
 Fulminant Prism          Conj/Hex       8%         3d7       36%         4
 Iskenderun's Mystic Bla  Conj/Tloc      16%        2d5       36%         4


Dungeon Overview and Level Annotations

Branches:
Dungeon (3/15)

Altars:

Annotations:
D:3 Ijyb


Message History

A quokka comes into view.
The magic dart hits the quokka.
You kill the quokka!
You can't see any susceptible monsters within range! (Use Z to cast anyway.)
A kobold is nearby!
The magic dart hits the kobold.
You kill the kobold!
Magic restored.
Things that are here:
a +0 club; a quokka corpse A frilled lizard comes into view.
Found a stone staircase leading down.
The magic dart hits the frilled lizard!
You kill the frilled lizard!
You now have 79 gold pieces (gained 11).
There is a stone staircase leading down here.
Ijyb the Twisted Goblin comes into view.
She is wielding a +0 dagger and carrying a wand of flame (22).
Found 2 scrolls of amnesia.
The magic dart hits Ijyb.
Ijyb is lightly wounded.
Ijyb shouts!
Ijyb zaps a wand.
The puff of flame hits you!
The magic dart hits Ijyb.
Ijyb is moderately wounded.
The magic dart hits Ijyb.
Ijyb is moderately wounded.
Ijyb zaps a wand.
The puff of flame misses you.
The magic dart hits Ijyb but does no damage.
Ijyb is moderately wounded.
The magic dart hits Ijyb.
Ijyb is severely wounded.
The magic dart hits Ijyb!
Ijyb is almost dead.
An orc comes into view. It is wielding a +0 dagger.
An orc comes into view. It is wielding a +0 hand axe.
Ijyb zaps a wand.
The puff of flame hits you!
Ouch! That really hurt!
* * * LOW HITPOINT WARNING * * *
Ijyb zaps a wand.
The puff of flame hits you!
You die...

####.####.#
#.. #.# ...
#.#
..#####.##
.........>#
###.#####..#
#. #..##
###..#
#.g@.#
#?...##.#
#.#o. ..# #
#o ... #.
.### #


You could see Ijyb and an orc (wandering).

Vanquished Creatures
  An adder (D:2)
  2 worms (D:2)
  A dart slug (D:1)
  An orc (D:3)
  3 endoplasms
  A giant cockroach (D:1)
  A goblin (D:1)
  5 hobgoblins
  3 kobolds
  4 quokkas
  7 ball pythons
  5 bats
  3 frilled lizards
  7 rats
44 creatures vanquished.

Notes
Turn   | Place    | Note
-------+----------+-------------------------------------------
     0 | D:1      | ChiefBigBeans the Deep Elf Conjurer began the quest for the
                  | Orb.
     0 | D:1      | Reached XP level 1. HP: 10/10 MP: 6/6
   280 | D:1      | Reached XP level 2. HP: 15/15 MP: 6/8
  1196 | D:2      | Reached XP level 3. HP: 19/19 MP: 3/10
  1660 | D:2      | Found a faded altar of an unknown god.
  2184 | D:3      | Noticed Ijyb
  2191 | D:3      | Killed from afar by Ijyb

Illustrated notes

Levels and vault maps discovered:
D:1:      minmay_arrival_up_and_down, layout_basic
D:2:      layout_loops_ring, chequers_ecumenical_altar_lobes, st_stairs_6
D:3:      layout_basic, chequers_temple_overflow_statue_of_worship, st_stairs_2,
          uniq_ijyb, uniq_sigmund

Skill      XL: |  1  2 |
---------------+-------+-----
Stealth        | 3 |  3.5
Dodging        | 3 |  3.3
Spellcasting   | |  3.8
Conjurations   | |  4.8

Action                     || total
---------------------------++-------
  Melee: Short sword       ||     3
   Cast: Magic Dart        ||    89
    Use: Scroll            ||     1
 Armour: Robe              ||     1
  Dodge: Dodged            ||     5
